 Dungeon Crawl Stone Soup version 0.21.1-1-g345015f (webtiles) character file.

21 tyranidshit the Skirmisher (level 2, 0/25 HPs)
             Began as a Demonspawn Abyssal Knight on June 10, 2018.
             Was a Follower of Lugonu.
             Slain by a hobgoblin
             ... wielding a +0 club
              (3 damage)
             ... on level 2 of the Dungeon.
             The game lasted 00:03:02 (572 turns).

tyranidshit the Skirmisher (DsAK)                    Turns: 572, Time: 00:03:03

Health: 0/25       AC:  3    Str: 12    XL:     2   Next: 65%
Magic:  3/3        EV:  6    Int: 20    God:    Lugonu [*.....]
Gold:   32         SH: 11    Dex: 12    Spells: 1/1 levels left

rFire    . . .     SeeInvis +   a - +1 hand axe
rCold    . . .     Gourm    .   f - +1 large shield
rNeg     . . .     Faith    .   b - +0 leather armour
rPois    .         Spirit   .   (no helmet)
rElec    .         Reflect  .   (no cloak)
rCorr    .         Harm     .   (no gloves)
MR       +....                  (no boots)
Stlth    +.........             (no amulet)
HPRegen  0.08/turn              (no ring)
MPRegen  0.08/turn              (no ring)

@: brilliant
A: talons 1, see invisible, clever 1, magic resistance 1
a: Depart the Abyss, Renounce Religion


You were on level 2 of the Dungeon.
You worshipped Lugonu.
Lugonu was aware of your devotion.
You were not hungry.

You visited 1 branch of the dungeon, and saw 2 of its levels.
You visited the Abyss 1 time.

You collected 32 gold pieces.

Inventory:

Hand Weapons
 a - a +1 hand axe (weapon)
Missiles
 d - 5 tomahawks (quivered)
Armour
 b - a +0 leather armour (worn)
 f - a +1 large shield (worn)
Scrolls
 e - 3 scrolls of identify
 h - a scroll of enchant armour
 i - a scroll of enchant weapon {unknown}
Potions
 g - a potion of magic {unknown}
Comestibles
 c - 3 rations


   Skills:
 + Level 4.0 Fighting
 - Level 1.7 Axes
 - Level 1.7 Armour
 - Level 0.8 Dodging
 - Level 2.4 Invocations


You had one spell level left.
You didn't know any spells.

Dungeon Overview and Level Annotations

Branches:
Dungeon (2/15)

Altars:


Innate Abilities, Weirdness & Mutations

You have sharp toenails.
You have supernaturally acute eyesight. (SInv)
Your mind is acute. (Int +2)
You are resistant to hostile enchantments. (MR+)


Message History

You block the worm's attack.
You hit the hobgoblin.
You claw the hobgoblin, but do no damage.
The hobgoblin is heavily wounded.
You hit the worm. The hobgoblin hits you with a club.
You hit the hobgoblin.
You kill the hobgoblin!
Lugonu accepts your kill.
You hit the worm but do no damage. The worm bites you.
The worm closely misses you.
You see here a club.
You hit the hobgoblin.
The hobgoblin is lightly wounded.
You hit the worm. You block the hobgoblin's attack. The worm bites you!
* * * LOW HITPOINT WARNING * * *
Your shield prevents you from hitting the hobgoblin.
Your kick misses the hobgoblin.
The hobgoblin is lightly wounded.
You hit the worm. The hobgoblin hits you with a club.
You die...

..#.# #.#.## #<.......
...... .....$... ..#.##
#........ ..#.# #.......
†.#.# #....% ..#.# #.#.#
..#.###########.w.######
>...............@g......
..........##############
..........# ..........#
..........# ..........#
###########


You could see a worm and a hobgoblin.

Vanquished Creatures
  A dart slug (D:1)
  A giant cockroach (D:1)
  3 hobgoblins
  2 ball pythons (D:1)
  5 bats
  2 frilled lizards
  2 goblins (D:1)
  2 kobolds (D:1)
  2 rats (D:1)
20 creatures vanquished.

Notes
Turn   | Place    | Note
-------+----------+-------------------------------------------
     0 | Abyss:1  | tyranidshit the Demonspawn Abyssal Knight began the quest for the Orb.
     0 | Abyss:1  | Reached XP level 1. HP: 18/18 MP: 2/2
     3 | Abyss:1  | Found a hazy altar of Hepliaklqana.
    55 | Abyss:1  | Noticed a red draconian annihilator
    58 | Abyss:1  | Noticed a spriggan
    59 | D:1      | Escaped the Abyss
   166 | D:1      | Reached * piety under Lugonu
   172 | D:1      | Gained mutation: You have sharp toenails. [demonic ancestry]
   172 | D:1      | Reached XP level 2. HP: 24/24 MP: 3/3
   309 | D:1      | Gained mutation: You have supernaturally acute eyesight. (SInv) [potion of mutation]
   309 | D:1      | Gained mutation: You are resistant to hostile enchantments. (MR+) [potion of mutation]
   309 | D:1      | Gained mutation: Your mind is acute. (Int +2) [potion of mutation]
   535 | D:2      | Reached skill level 4 in Fighting
   572 | D:2      | Slain by a hobgoblin

Skill      XL: |  1  2 |
---------------+-------+-----
Fighting       | 4 |  4.0
Axes           | |  1.7
Armour         | |  1.7
Dodging        | |  0.8
Invocations    | |  2.4

Action                   || total
-------------------------++-------
Melee: Hand axe          ||    50
       Kick              ||     6
Invok: Depart the Abyss  ||     1
  Use: Potion            ||     6
       Scroll            ||     5
Armor: Leather armour    ||    16
Dodge: Dodged            ||    29
Block: Large shield      ||    10
